Map: Frost LE

Players

Zerghamdi - Winner!

  • Race: Zerg Zerg
  • League: Master

Aegwynn

  • Race: Zerg Zerg
  • League: Master

VOD

https://www.youtube.com/channel/UCcSgNfDNxvyisU-eCj9xyNg/playlists

Description

Time

  • Played on: Aug. 27, 2016, 8:45 a.m.
  • Length: 9:24
Show
View Real Time Build Order
Export as new Build Order

Zerghamdi Zerg - Winner!

Build Orders: Pool First 

Get SALT Encoding   

  12  0:00  Drone  
  13  0:13  Overlord  
  13  0:17  Drone  
  14  0:32  Drone x2  
  16  0:35  Drone  
  17  0:49  Spawning Pool  
  17  0:50  Drone  
  17  1:09  Hatchery  
  16  1:12  Drone  
  16  1:18  Drone, Extractor  
  17  1:28  Drone  
  18  1:36  Queen  
  18  1:37  Zergling x2  
  21  1:41  Zergling x2  
  22  1:49  Overlord  
  22  2:09  Drone  
  22  2:11  Queen  
  25  2:21  Queen  
  27  2:23  Drone x2  
  29  2:30  Zergling x2  
  29  2:35  Drone x2  
  32  2:45  Drone x4  
  35  2:52  Drone  
  35  2:57  Lair  
  35  3:09  Extractor  
  35  3:10  Drone x2  
  35  3:11  Evolution Chamber  
  35  3:12  Zergling x2  
  36  3:15  Overlord x2  
  36  3:29  Overlord  
  36  3:34  Drone x5  
  36  3:35  Drone  
  36  3:37  Zerg Missile Weapons Level 1  
  42  3:45  Roach Warren  
  41  3:51  Drone x2  
  39  4:03  Drone x6  
  45  4:15  Extractor  
  43  4:17  Queen  
  43  4:20  Evolution Chamber  
  43  4:23  Overlord x2  
  44  4:29  Glial Reconstitution  
  44  4:33  Roach x3  
  44  4:38  Roach x2  
  54  4:41  Roach  
  54  4:45  Overlord  
  56  4:47  Roach  
  56  4:50  Roach  
  62  4:53  Roach  
  62  4:57  Roach  
  64  5:01  Roach x2  
  64  5:04  Roach  
  64  5:05  Roach  
  72  5:10  Roach x2  
  72  5:13  Roach  
  78  5:15  Roach  
  78  5:18  Roach  
  82  5:21  Roach  
  82  5:25  Overlord  
  84  5:31  Overlord  
  84  5:32  Overlord  
  84  5:43  Roach  
  84  5:44  Roach x3  
  84  5:49  Zerg Missile Weapons Level 2  
  90  5:51  Drone x2  
  90  5:55  Roach  
  94  5:59  Roach  
  94  6:00  Roach  
  100  6:04  Roach  
  100  6:05  Roach  
  102  6:13  Roach x3  
  102  6:17  Roach  
  104  6:19  Roach  
  104  6:22  Roach  
  104  6:25  Roach  
  108  6:28  Roach  
  108  6:31  Roach  
  106  6:34  Overlord  
  106  6:37  Roach, Ravager  
  100  6:40  Roach  
  100  6:43  Ravager  
  100  6:44  Roach x2  
  100  6:47  Roach  
  95  6:50  Roach  
  95  6:52  Roach  
  96  6:55  Roach  
  96  6:57  Roach  
  96  7:03  Roach x2  
  96  7:08  Roach  
  96  7:09  Roach  
  96  7:13  Roach x2  
  98  7:19  Roach  
  98  7:21  Roach  
  100  7:25  Roach  
  100  7:26  Roach  
  100  7:29  Roach  
  98  7:32  Roach  
  98  7:33  Roach  
  98  7:37  Roach  
  98  7:42  Roach  
  96  7:46  Roach  
  93  7:51  Ravager  
  93  7:54  Roach  
  93  7:57  Roach x2  
  93  7:58  Roach x2  
  94  8:01  Roach  
  94  8:03  Roach  
  92  8:06  Roach  
  92  8:09  Roach  
  92  8:11  Roach  
  88  8:22  Roach  
  88  8:26  Roach  
  92  8:29  Roach  
  92  8:32  Roach  
  92  8:33  Hatchery  
  89  8:35  Roach  
  85  8:42  Roach x2  
  85  8:46  Roach  
  89  8:48  Roach  
  89  8:53  Roach  
  93  8:58  Roach  
  93  8:59  Roach  
  93  9:01  Roach  
  99  9:05  Roach  
Show
View Real Time Build Order
Export as new Build Order

Aegwynn Zerg 

Build Orders: Hatch First 

Get SALT Encoding   

  12  0:01  Drone  
  13  0:12  Overlord  
  13  0:17  Drone  
  14  0:31  Drone x2  
  16  0:36  Drone  
  17  0:53  Hatchery  
  17  0:56  Drone  
  17  1:00  Drone  
  18  1:04  Extractor  
  17  1:15  Spawning Pool  
  16  1:19  Drone  
  16  1:21  Drone  
  18  1:30  Drone  
  19  1:39  Overlord  
  19  1:54  Drone  
  20  2:02  Queen  
  20  2:04  Zergling x2  
  20  2:05  Queen  
  20  2:06  Metabolic Boost  
  25  2:12  Drone  
  25  2:13  Drone  
  27  2:27  Baneling Nest  
  26  2:33  Zergling x6  
  26  2:35  Drone  
  30  2:37  Drone  
  31  2:48  Extractor  
  30  2:53  Extractor  
  31  2:59  Drone x4  
  34  3:10  Drone  
  34  3:11  Drone  
  34  3:12  Overlord x2  
  36  3:23  Hatchery  
  36  3:25  Drone  
  36  3:30  Evolution Chamber  
  36  3:33  Evolution Chamber  
  34  3:34  Drone  
  34  3:35  Drone  
  34  3:39  Drone x2  
  38  3:46  Drone x3  
  40  3:56  Roach Warren  
  40  3:57  Drone x2  
  40  4:06  Overlord  
  40  4:07  Zerg Ground Armor Level 1  
  39  4:10  Zerg Missile Weapons Level 1  
  39  4:15  Drone  
  39  4:16  Drone x2  
  42  4:27  Extractor  
  42  4:29  Extractor  
  42  4:30  Drone x2  
  42  4:31  Drone x2  
  43  4:32  Drone x2  
  43  4:36  Zergling x10  
  51  4:40  Queen  
  51  4:44  Overlord  
  53  4:51  Lair  
  53  4:57  Drone x5  
  58  5:16  Roach x4  
  58  5:17  Roach x4  
  73  5:24  Spine Crawler  
  73  5:26  Roach  
  73  5:28  Overlord  
  74  5:31  Overlord x2  
  73  5:47  Roach  
  73  5:48  Roach x4  
  81  5:52  Glial Reconstitution  
  81  5:53  Roach x4  
  93  6:04  Roach x3  
  91  6:12  Roach x3  
  89  6:18  Roach x2  
  89  6:21  Roach  
  81  6:26  Roach  
  81  6:30  Roach  
  81  6:31  Roach  
  83  6:33  Extractor  
  83  6:35  Roach  
  80  6:42  Roach  
  80  6:43  Roach x2  
  80  6:44  Queen x3  
  80  6:50  Roach x2  
  78  6:56  Spine Crawler  
  78  6:58  Roach x3  
  75  7:10  Roach x4  
  75  7:14  Roach  
  73  7:18  Roach  
  66  7:29  Roach x4  
  55  7:48  Roach x2  
  55  7:49  Roach x2  
  57  7:57  Roach  
  55  8:01  Roach x2  
  55  8:02  Roach x2  
  59  8:08  Roach  
  57  8:15  Roach x2  
  57  8:22  Roach  
  49  8:36  Roach x2  
  49  8:37  Roach  
  47  8:45  Roach x2  
  51  8:49  Roach  
  51  9:01  Roach x3  
Tags
 
Add a new tag
Caveats
  • Supply blocks, unpowered buildings, or Contaminate may cause inaccurate times.
  • Supply counts are checked every 10 seconds.